 Dungeon Crawl Stone Soup version 0.26.1-11-gd32895ea62 (webtiles) character file.

Game seed: 1478404353794438373

3677 Tirrikindir the Carver (level 10, -5/72 HPs)
             Began as an Octopode Fighter on June 1, 2021.
             Was an Initiate of Gozag.
             Collided with a rock wall (11 damage)
             ... caused by Erica
             ... on level 8 of the Dungeon.
             The game lasted 00:17:46 (7146 turns).

Tirrikindir the Carver (Octopode Fighter)           Turns: 7146, Time: 00:17:46

Health: -5/72      AC:  1    Str: 24      XL:     10   Next: 13%
Magic:  10/10      EV: 16    Int:  8      God:    Gozag
Gold:   270        SH: 12    Dex: 17 (19) Spells: 9/9 levels left

rFire    . . .     SeeInvis .   a - +1 long sword
rCold    . . .     Faith    .   b - +1 kite shield
rNeg     + . .     Spirit   .   (helmet restricted)
rPois    .         Reflect  .   i - amulet of regeneration
rElec    +         Harm     .   j - +6 ring of dexterity
rCorr    .         Rampage  .   n - +6 ring of strength
Will     +....                  p - ring of positive energy
Stlth    ++++......             r - ring of Nowyol {+Fly rElec Will+}
HPRegen  0.62/turn              (no ring)
MPRegen  0.12/turn              (no ring)
                                (no ring)
                                (no ring)

@: no status effects
A: almost no armour, stealthy swim, amphibious, 8 rings, constrict 8, camouflage
1, deterioration 1, dopey 1, sense surroundings 1, robust 1, gelatinous body 1
a: Renounce Religion, Evoke Flight, Potion Petition, Call Merchant, Bribe Branch


You were on level 8 of the Dungeon.
You worshipped Gozag.
Gozag was aware of your devotion.
You visited 2 branches of the dungeon, and saw 9 of its levels.

You collected 1285 gold pieces.
You paid 1015 gold pieces to Gozag.

Inventory:

Hand Weapons
 a - a +1 long sword (weapon)
 f - a +0 short sword
Armour
 b - a +1 kite shield (worn)
Jewellery
 i - an amulet of regeneration (around mantle)
 j - a +6 ring of dexterity (left tentacle)
 n - a +6 ring of strength (right tentacle)
 p - a ring of positive energy (on tentacle)
 r - the ring of Nowyol (on tentacle) {+Fly rElec Will+}
   (You found it on level 6 of the Dungeon)

   [ring of willpower]

   It insulates you from electricity.
   It affects your willpower, your defense against some magical effects.
   It lets you fly.
Wands
 c - a wand of paralysis (9)
 s - a wand of iceblast (6)
Scrolls
 e - a scroll of immolation
 h - 5 scrolls of blinking
 k - 2 scrolls of remove curse
 l - 3 scrolls of amnesia
 m - a scroll of fog
 o - 3 scrolls of teleportation
Potions
 d - a potion of magic
 g - 2 potions of curing
 q - 2 potions of ambrosia


   Skills:
 + Level 5.4 Fighting
 * Level 9.6 Long Blades
 * Level 6.7 Dodging
 + Level 6.5 Stealth
 * Level 6.7 Shields


You had 9 spell levels left.
You didn't know any spells.
Your spell library contained the following spells:

 Spells                   Type           Power        Failure   Level
 Beastly Appendage        Tmut           0%           77%         1
 Wereblood                Tmut           0%           88%         2
 Spider Form              Tmut/Pois      0%           98%         3
 Ice Form                 Ice/Tmut       0%           100%        4
 Blade Hands              Tmut           0%           100%        5


Dungeon Overview and Level Annotations

Branches:
Dungeon (8/15)             Temple (1/1) D:4
   Lair: D:8-11

Altars:
Cheibriados
Elyvilon
Gozag
Makhleb
Nemelex Xobeh
Okawaru
Qazlal
Ru
Trog
Vehumet
Wu Jian
Xom
Yredelemnul
Zin
The Shining One

Shops:
D:6 (   D:7 }

Annotations:
D:8 Erica


Innate Abilities, Weirdness & Mutations

You cannot wear most types of armour.
You are very stealthy in the water. (Stealth+)
You are amphibious.
You can wear up to eight rings at the same time.
You can use your tentacles to constrict eight enemies at once.
Your skin changes colour to match your surroundings (Stealth+).
Your rubbery body absorbs attacks. (AC +1, EV +1)
Your body sometimes deteriorates upon taking damage.
You are dopey. (Int -2)
You passively map a small area around you.
You are robust. (+10% HP)


Message History

You constrict Erica. Erica misses you.
You riposte.
You hit Erica but do no damage.
Erica is severely wounded.
You hit Erica. You squeeze Erica, but do no damage.
Erica is severely wounded.
You constrict Erica.
Erica hits you with a +2 scimitar of flaming!
Erica burns you.
* * * LOW HITPOINT WARNING * * *
You slash Erica! You squeeze Erica, but do no damage.
Erica is almost dead.
You constrict Erica.
Erica points at you and mumbles some strange words.
The lance of force hits you!
* * * LOW HITPOINT WARNING * * *
You lose your grip on Erica.
You are knocked back by the lance of force.
You slam into the rock wall!
You die...
Your body crumbles into a pile of gold.

, #.#(#[(.#.#.# *
**#.......... #.#.#####.#.#
,, #..........
,*#...#...#...# ,
#####..........
.######.#.###.#
#........######
........#.....# #.......##
#######.#.#.### #.......# *
#.....#.#.#.# #.......###*
#.#.###.#.#.#####..........
, #.#...#.#.##@.@B......# *
###.#####.#.##.##########
#.......#...##.#
#.#########.##.#
#.......#...##.#
#######.#.####.#
#.(.....#.#.##.#
#########.#.##.#
#...........##.#


You could see Erica and a worker ant.

Vanquished Creatures
  A troll (D:8)
  Prince Ribbit (D:5)
  The ghost of hawla the Conjurer, an amateur DECj (D:5)
  A wraith (D:7)
  A water moccasin (D:7)
  4 phantoms
  2 black bears
  A necrophage (D:6)
  2 sky beasts
  4 ogres
  2 centaurs
  3 bullfrogs (D:7)
  A gnoll sergeant (D:7)
  2 scorpions
  3 wights (D:7)
  7 killer bees (D:7)
  A bullfrog skeleton (D:6)
  A centaur zombie (D:7)
  A hound (D:5)
  A jelly (D:8)
  4 orc priests
  5 orc wizards
  An iguana (D:4)
  2 worker ants
  5 gnolls
  9 river rats (D:5)
  4 adders
  A shadow imp (D:7)
  An ufetubus (D:8)
  An ooze (D:6)
  An adder skeleton (D:7)
  2 worms (D:2)
  2 dart slugs
  6 leopard geckos
  27 orcs
  2 giant cockroaches
  4 goblins
  9 hobgoblins
  13 jackals
  11 quokkas
  A ball python (D:2)
  7 bats
  3 frilled lizards
  2 jackal skeletons
  4 kobolds
  A leopard gecko zombie (D:5)
  A quokka zombie (D:5)
  17 rats
186 creatures vanquished.

Notes
Turn   | Place    | Note
-------+----------+-------------------------------------------
     0 | D:1      | Tirrikindir the Octopode Fighter began the quest for the
                  | Orb.
     0 | D:1      | Reached XP level 1. HP: 16/16 MP: 1/1
    94 | D:1      | Reached XP level 2. HP: 21/21 MP: 2/2
   101 | D:1      | Reached skill level 1 in Stealth
   874 | D:2      | Reached XP level 3. HP: 8/26 MP: 3/3
  1144 | D:2      | Reached XP level 4. HP: 17/31 MP: 4/4
  1385 | D:2      | Reached skill level 3 in Long Blades
  2025 | D:3      | Reached XP level 5. HP: 34/36 MP: 5/5
  2471 | D:3      | Noticed a phantom
  2711 | D:3      | Killed a phantom
  2712 | D:3      | Reached XP level 6. HP: 33/43 MP: 6/6
  2812 | D:3      | Reached skill level 4 in Long Blades
  3003 | D:4      | Found a staircase to the Ecumenical Temple.
  3023 | Temple   | Entered the Ecumenical Temple
  3054 | Temple   | Became a worshipper of Gozag Ym Sagoz the Greedy
  3084 | D:4      | Noticed a phantom
  3116 | D:4      | Found a bloodstained altar of Trog.
  3219 | D:4      | Killed a phantom
  3220 | D:4      | Reached skill level 5 in Long Blades
  3220 | D:4      | Reached XP level 7. HP: 19/48 MP: 7/7
  3631 | D:5      | Entered Level 5 of the Dungeon
  3773 | D:5      | Found a white marble altar of Elyvilon.
  3932 | D:5      | Noticed Prince Ribbit
  3939 | D:5      | Killed Prince Ribbit
  3940 | D:5      | Reached skill level 6 in Long Blades
  4123 | D:5      | Reached skill level 7 in Long Blades
  4132 | D:5      | Reached XP level 8. HP: 50/54 MP: 8/8
  4571 | D:5      | Found a runed translucent gate.
  4571 | D:5      | Found a runed translucent gate.
  4571 | D:5      | Found a runed translucent gate.
  4572 | D:5      | Noticed hawla's ghost (amateur DECj)
  4588 | D:5      | Killed hawla's ghost
  4589 | D:5      | Reached skill level 8 in Long Blades
  5210 | D:6      | Got a scorched amber ring
  5211 | D:6      | Identified the ring of Nowyol {+Fly rElec Will+} (You found
                  | it on level 6 of the Dungeon)
  5271 | D:6      | Reached XP level 9. HP: 59/59 MP: 9/9
  5366 | D:6      | Reached skill level 5 in Shields
  5370 | D:6      | Reached skill level 5 in Dodging
  5370 | D:6      | Reached skill level 5 in Stealth
  5486 | D:6      | Gained mutation: You are dopey. (Int -2) [potion of
                  | mutation]
  5486 | D:6      | Gained mutation: Your body sometimes deteriorates upon
                  | taking damage. [potion of mutation]
  5486 | D:6      | Gained mutation: You passively map a small area around you.
                  | [potion of mutation]
  5486 | D:6      | Gained mutation: You are robust. (+10% HP) [potion of
                  | mutation]
  5730 | D:7      | Found Nengohen's Gadget Shoppe.
  5941 | D:7      | Reached skill level 9 in Long Blades
  6021 | D:7      | Found a radiant altar of Vehumet.
  6115 | D:7      | Reached skill level 5 in Fighting
  6467 | D:7      | Reached XP level 10. HP: 72/72 MP: 10/10
  7126 | D:8      | Noticed Erica
  7146 | D:8      | Collided with a rock wall

Illustrated notes

Levels and vault maps discovered:
D:1:      zaba_arrival_water, layout_loops_corners
D:2:      layout_rooms, kennysheep_boxes
D:3:      layout_basic
D:4:      layout_cave_pools, minmay_temple_entry_stoned_glass, trog_book
D:5:      lemuel_ratsnest, layout_basic, elyvilon_altar_5,
          ebering_ghost_rock_garden, uniq_prince_ribbit1
D:6:      layout_gridville
D:7:      layout_loops_corners, serial_shops, kennysheep_mini, basic_altar,
          st_stairs_5
D:8:      layout_rooms, minitemple, wad_mini_maze, uniq_erica
Temple:   cyrus_circular_temple

Skill      XL: |  1  2  3  4  5  6  7  8  9 |
---------------+----------------------------+-----
Stealth        | 1 2 3 4 6 |  6.5
Long Blades    | 3 5 7 8 9 |  9.6
Shields        | 4 6 |  6.7
Fighting       | 4 5 |  5.4
Dodging        | 4 6 |  6.7

Action                   |  1- 3 |  4- 6 |  7- 9 | 10-12 || total
-------------------------+-------+-------+-------+-------++-------
Melee: Long sword        |    37 |   116 |   204 |    31 ||   388
       Constrict         |    14 |    27 |    53 |     2 ||    96
       Tentacles         |     3 |    29 |    70 |    13 ||   115
Invok: Call Merchant     |       |       |     1 |       ||     1
       Potion Petition   |       |       |       |     1 ||     1
  Use: Scroll            |       |     8 |     8 |     2 ||    18
       Potion            |       |       |     2 |     2 ||     4
 Stab: Sleeping          |     8 |     8 |    14 |     3 ||    33
       Distracted        |       |       |     1 |     1 ||     2
Armor: Skin              |     1 |     4 |     3 |       ||     8
Dodge: Dodged            |    10 |    44 |    83 |     7 ||   144
Block: Kite shield       |    13 |    54 |   119 |    17 ||   203
       Rpst.: Long sword |     2 |    15 |    24 |     2 ||    43
